 Dungeon Crawl Stone Soup version 0.16-a0-3667-g690a316 (webtiles) character file.

4949 Vlagh999 the Grappler (level 10, -4/132 HPs)
             Began as a Bearkin Gladiator on July 28, 2015.
             Was a Priest of Okawaru.
             Slain by a wolf (9 damage)
             ... led by Grum
             ... on level 8 of the Dungeon.
             The game lasted 00:23:43 (7678 turns).

Vlagh999 the Grappler (Bearkin Gladiator)           Turns: 7678, Time: 00:23:43

Health: -4/132     AC: 14    Str: 28 (30) XL:     10   Next: 28%
Magic:  8/10       EV: 15    Int:  6 (7)  God:    Okawaru [***...]
Gold:   486        SH:  0    Dex:  7 (11) Spells: 0 memorised, 9 levels left

rFire  . . .     SeeInvis .       - Unarmed
rCold  . . .     Rnd*Rage +     B - +2 leather armour {rPois}
rNeg   . . .     SustAb   .     (no shield)
rPois  +         Gourm    .     c - +1 helmet
rElec  .         Spirit   .     f - +2 cloak (curse)
rCorr  .         Warding  .     (no gloves)
rMut   .         Stasis   .     (no boots)
MR     .....                    (no amulet)
Stlth  ..........               (no ring)
                                j - ring of wizardry

@: berserking (expiring), heroism, very quick, not resistant to hostile
enchantments, extremely unstealthy
A: claws 1, fangs 1, berserk 1, deterioration 2, robust 1, shaggy fur 2, wild
magic 1, hind claws 2, cornered berserk, MP-powered wands 1
a: Cornered Berserk, Heroism, Renounce Religion


You were on level 8 of the Dungeon.
You worshipped Okawaru.
Okawaru was most pleased with you.
You were not hungry.

You visited 1 branch of the dungeon, and saw 8 of its levels.
You also visited: Bailey.

You collected 486 gold pieces.

Inventory:

Missiles
 d - 3 throwing nets (quivered)
 p - 11 tomahawks
 s - 7 needles of slowing
 z - 6 curare-tipped needles
 D - 32 poisoned needles
Armour
 c - a +1 helmet (worn)
 f - a cursed +2 cloak (worn)
 v - a +0 buckler
 B - a +2 leather armour of poison resistance (worn)
Jewellery
 j - a ring of wizardry (left claw)
Magical devices
 y - a wand of fire (15)
 G - a wand of digging (15)
 I - a wand of enslavement (11)
Scrolls
 b - 3 scrolls of silence {unknown}
 e - 3 scrolls of fog {unknown}
 l - 5 scrolls of remove curse
 o - 2 scrolls of enchant armour
 t - 4 scrolls of amnesia
 w - 4 scrolls of teleportation
Potions
 g - 3 potions of restore abilities
 k - 2 potions of curing
 m - a potion of flight
 q - a potion of might
 r - a potion of heal wounds
 u - 2 potions of magic
 A - a potion of haste
 F - 2 potions of cancellation
 H - a potion of lignification
 K - a potion of brilliance
Books
 C - a book of Battle

   Spells                             Type                      Level
   a - Infusion                       Charms                       1
   b - Shroud of Golubria             Charms/Translocation         2
   c - Song of Slaying                Charms                       2
   d - Spectral Weapon                Hexes/Charms                 3
   e - Regeneration                   Charms/Necromancy            3
Comestibles
 a - 6 bread rations
 h - 3 meat rations
 i - a beef jerky
 n - 7 fruits
 x - a slice of pizza
 E - 3 chunks of flesh


   Skills:
 * Level 8.0(13.0) Fighting
 - Level 1.7(6.7) Throwing
 * Level 5.2(10.2) Armour
 * Level 6.7(11.7) Dodging
 + Level 8.2(13.2) Unarmed Combat


You had 9 spell levels left.
You didn't know any spells.

Dungeon Overview and Level Annotations

Branches:
Dungeon (8/15)             Temple (0/1) D:5
   Lair: D:8-11

Altars:
Nemelex Xobeh
Okawaru
Vehumet


Innate Abilities, Weirdness & Mutations

You have sharp fingernails.
You have very sharp teeth.
You are robust (+10% HP).
You are covered in thick fur (AC +2).
Your hind legs have sharp claws.
You can berserk when greatly wounded.
You tend to lose your temper in combat.
Your body is deteriorating.
Your spells are a little harder to cast, but a little more powerful.
You expend magic power (3 MP) to slightly strengthen your wands.


Message History

You closely miss Grum. You claw Grum.
You kill Grum!
Okawaru accepts your kill. The wolf bites you.
* * * LOW HITPOINT WARNING * * *
The wolf bites you!
* * * LOW HITPOINT WARNING * * *
The kobold completely misses you.
You are too injured to fight recklessly!
You are too injured to fight recklessly!
You are too injured to fight recklessly!
You are too injured to fight recklessly!
You are too injured to fight recklessly!
You are too injured to fight recklessly!
You mangle the wolf!!
The wolf begins to bleed from its wounds!
Your hind claws misses the wolf.
The wolf is almost dead.
The wolf bites you!
You die...

*,,,,,** ##...........##....
**,,,** #.........####....
*,,,* #...).....# *#....
**,,,* #.........# #.....
*,,,** ##.........#*#.....
*,,,* ##..(.......#*...##.
*,,,*####....(......#...####
**,,..#.....K...(....#,,,*
*,*,.......h@h........,,**
*****[........)........#** *
**,****................**
***,*,,,,.<.............**
,,,,,,,,,........(.....#*
,,,,,,,,,,####........#*
,,,,,,***** ##......#*
,,,,*** **.......* *,,,*
**,,...,,,*


You could see 2 wolves and a kobold.

Vanquished Creatures
  A deep elf knight (Bailey)
  Pikel (D:6)
  2 deep elf priests (Bailey)
  A deep elf mage (Bailey)
  Eustachio (D:7)
  Grum (D:8)
  5 deep elf fighters (Bailey)
  Menkaure (D:7)
  2 wolves (D:8)
  A sky beast (D:6)
  The ghost of Vlagh999 the Ruffian, an average BeGl (D:3)
  An orc warrior (D:8)
  2 ogres
  2 centaurs
  7 giant frogs
  A scorpion (D:4)
  A quasit (D:5)
  4 orc priests
  2 iguanas (D:6)
  3 hounds
  A centaur skeleton (D:6)
  2 giant frog skeletons
  Natasha (thrice) (D:6)
  9 orc wizards
  4 worker ants
  2 hound skeletons
  7 gnolls
  5 adders
  A giant mite (D:3)
  3 worms
  A shadow imp (D:7)
  An ufetubus (D:7)
  An adder skeleton (D:8)
  7 giant geckos
  9 orcs
  A bat skeleton (D:7)
  A bat zombie (D:5)
  2 giant cockroaches
  16 goblins
  13 hobgoblins
  14 jackals
  18 kobolds
  A quokka (D:2)
  15 bats
  A giant gecko skeleton (D:4)
  4 giant newts
  15 rats
197 creatures vanquished.

Vanquished Creatures (others)
  A slave (D:6)
  A wyvern skeleton (D:6)
  A giant gecko (D:6)
  A kobold (D:6)
4 creatures vanquished.

Grand Total: 201 creatures vanquished

Notes
Turn   | Place    | Note
--------------------------------------------------------------
     0 | D:1      | Vlagh999, the Bearkin Gladiator, began the quest for the Orb.
     0 | D:1      | Reached XP level 1. HP: 16/16 MP: 1/1
   176 | D:1      | Found a sparkling altar of Nemelex Xobeh.
   245 | D:1      | Reached XP level 2. HP: 20/22 MP: 2/2
   586 | D:1      | Reached skill level 4 in Unarmed Combat
  1080 | D:2      | Reached XP level 3. HP: 27/27 MP: 3/3
  1497 | D:2      | Found an iron altar of Okawaru.
  1512 | D:2      | Became a worshipper of Warmaster Okawaru
  2012 | D:3      | Reached skill level 5 in Unarmed Combat
  2012 | D:3      | Gained mutation: Your hind legs have sharp claws. [bearkin transformation]
  2012 | D:3      | Reached XP level 4. HP: 30/33 MP: 4/4
  2044 | D:3      | Reached XP level 5. HP: 13/38 MP: 5/5
  2049 | D:3      | Reached skill level 6 in Unarmed Combat
  2421 | D:3      | Gained mutation: Your body is slowly deteriorating. [potion of mutation]
  2421 | D:3      | Gained mutation: You tend to lose your temper in combat. [potion of mutation]
  2421 | D:3      | Gained mutation: Your spells are a little harder to cast, but a little more powerful. [potion of mutation]
  2510 | D:3      | Noticed Vlagh999's ghost (average BeGl)
  2521 | D:3      | Killed Vlagh999's ghost
  2521 | D:3      | Acquired Okawaru's first power
  2714 | D:3      | Gained mutation: You are covered in thick fur (AC +2). [bearkin transformation]
  2714 | D:3      | Reached XP level 6. HP: 46/46 MP: 6/6
  2974 | D:4      | Reached skill level 1 in Armour
  3132 | D:4      | Reached XP level 7. HP: 38/52 MP: 7/7
  3624 | D:5      | Entered Level 5 of the Dungeon
  3795 | D:5      | Found a staircase to the Ecumenical Temple.
  4388 | D:6      | Found a radiant altar of Vehumet.
  4465 | D:6      | Noticed Pikel
  4483 | D:6      | Killed Pikel
  4483 | D:6      | Reached skill level 5 in Fighting
  4483 | D:6      | Gained mutation: You have very sharp teeth. [bearkin transformation]
  4483 | D:6      | Reached XP level 8. HP: 21/62 MP: 5/8
  4531 | D:6      | Reached skill level 7 in Unarmed Combat
  4852 | D:6      | Gained mutation: Your body is deteriorating. [mutagenic meat]
  4853 | D:6      | Gained mutation: You expend magic power (3 MP) to slightly strengthen your wands. [mutagenic meat]
  5133 | D:6      | Reached skill level 5 in Dodging
  5183 | D:6      | Noticed Natasha
  5187 | D:6      | Killed Natasha
  5283 | D:6      | Noticed Natasha
  5288 | D:6      | Killed Natasha
  5314 | D:6      | Noticed Natasha
  5315 | D:6      | Killed Natasha
  5556 | D:6      | Gained mutation: You are robust (+10% HP). [bearkin transformation]
  5556 | D:6      | Reached XP level 9. HP: 55/75 MP: 9/9
  5734 | D:7      | Noticed Menkaure
  5740 | D:7      | Killed Menkaure
  6264 | D:7      | Noticed Eustachio
  6284 | D:7      | Killed Eustachio
  6897 | D:8      | Found a flagged portal.
  6926 | Bailey   | Entered a bailey
  7335 | Bailey   | Noticed a deep elf knight
  7348 | Bailey   | Killed a deep elf knight
  7348 | Bailey   | Reached skill level 5 in Armour
  7348 | Bailey   | Reached skill level 8 in Unarmed Combat
  7348 | Bailey   | Reached XP level 10. HP: 60/88 MP: 10/10
  7657 | D:8      | Noticed Grum
  7677 | D:8      | Killed Grum
  7677 | D:8      | HP: 5/132 [wolf[Grum] (8)]
  7678 | D:8      | Slain by a wolf

Action                   |  1- 3 |  4- 6 |  7- 9 | 10-12 || total
-------------------------+-------+-------+-------+-------++-------
Melee: Unarmed           |   161 |   104 |   344 |    33 ||   642
Throw: Throwing net      |       |     3 |     1 |       ||     4
Invok: Heroism           |       |       |     7 |     2 ||     9
 Abil: Cornered Berserk  |     1 |     1 |       |     1 ||     3
  Use: Potion            |       |     5 |     3 |       ||     8
       Scroll            |       |     6 |    13 |     1 ||    20
 Stab: Held in net/web   |       |     3 |       |       ||     3
  Eat: Chunk             |     4 |     5 |    22 |     1 ||    32
